[Event "SRB-chW Semifinal 2021"]
[Site "Paracin"]
[Date "2021.03.16"]
[Round "1.13"]
[White "Chelushkina, Irina"]
[Black "Djordjevic, Nevena"]
[Result "1-0"]
[ECO "B40"]
[WhiteElo "2203"]
[BlackElo "1999"]
[Annotator "NA"]
[PlyCount "67"]
[EventDate "2021.03.16"]
[EventType "swiss"]
[EventCountry "SRB"]
[SourceTitle "playchess.com"]
[Source "ChessBase"]
[SourceQuality "1"]
[TimeControl "40/5400+30:1800+30"]

1. e4 c5 2. Nf3 e6 3. d3 Nc6 4. c3 d5 5. Nbd2 Nf6 6. Be2 Be7 7. O-O O-O 8. Re1 d4 9. Nf1 h6 10. Ng3 b5 11. a4 Qb6 12. axb5 Qxb5 13. e5 Nd7 14. Bf1 Rb8 $14 (14... Rd8 $11) 15. Nh5 Rd8 16. Qd2 Bf8 17. Qf4 g6 18. Qg3 Ne7 19. Rxa7 Nf5 20. Qg4 Bb7 21. Nd2 Kh8 22. Ng3 Bg7 23. Nc4 Bd5 24. Nxf5 exf5 25. Qh4 Kh7 26. Bg5 Rh8 27. Bf4 Be6 28. Nd6 Qc6 29. cxd4 cxd4 30. Rc1 Qd5 31. Rcc7 Rxb2 32. Nxf7 Bxf7 33. Rxd7 Qe6 34. Rxf7 1-0

[Event "SRB-chW Semifinal 2021"]
[Site "Paracin"]
[Date "2021.03.16"]
[Round "1.14"]
[White "Gogic, Anastasija"]
[Black "Drljevic, Ljilja"]
[Result "0-1"]
[ECO "B06"]
[WhiteElo "1868"]
[BlackElo "2200"]
[Annotator "NA"]
[PlyCount "69"]
[EventDate "2021.03.16"]
[EventType "swiss"]
[EventCountry "SRB"]
[SourceTitle "playchess.com"]
[Source "ChessBase"]
[SourceQuality "1"]
[TimeControl "40/5400+30:1800+30"]

1. e4 g6 2. d4 Bg7 3. Nc3 d6 4. Be3 a6 5. h4 h6 6. Qd2 Nd7 7. O-O-O b5 8. Nge2 Bb7 9. f3 Rc8 10. Kb1 c5 $16 11. dxc5 Nxc5 12. Bd4 Nf6 13. Nd5 Bxd5 14. exd5 Ncd7 15. h5 g5 16. Ng3 Qc7 17. Nf5 Bf8 18. Re1 Ne5 19. Bxe5 dxe5 20. a4 bxa4 21. Bxa6 Rb8 22. Re3 Qb6 23. Bb5+ Qxb5 24. c4 Qc5 25. Rxe5 a3 26. Qe3 Rxb2+ 27. Ka1 Qb4 28. Qd4 Qb3 29. Nd6+ Kd7 30. Qa7+ Kxd6 31. c5+ Kxe5 32. Re1+ Kxd5 33. Qa8+ Kd4 34. Qd8+ Nd5 35. Re4+ 0-1

[Event "SRB-chW Semifinal 2021"]
[Site "Paracin"]
[Date "2021.03.17"]
[Round "2.12"]
[White "Drljevic, Ljilja"]
[Black "Juric, Iskra"]
[Result "1-0"]
[ECO "A00"]
[WhiteElo "2200"]
[BlackElo "1713"]
[Annotator "NA"]
[PlyCount "55"]
[EventDate "2021.03.16"]
[EventType "swiss"]
[EventCountry "SRB"]
[SourceTitle "playchess.com"]
[Source "ChessBase"]
[SourceQuality "1"]
[TimeControl "40/5400+30:1800+30"]

1. b4 Nf6 2. Bb2 g6 3. Nf3 Bg7 4. e3 O-O 5. Be2 d5 6. O-O c6 7. c4 Bg4 8. h3 Bxf3 9. Bxf3 dxc4 10. Na3 Nd5 11. Bxg7 Kxg7 12. Nxc4 b5 13. Bxd5 Qxd5 14. Na5 Na6 15. Qc2 Rac8 16. Qb2+ Kg8 17. d4 f5 18. Rfe1 Rc7 19. Rac1 Qd6 20. a3 Nb8 21. Rc2 g5 22. Rec1 Qg6 23. d5 Rf6 24. Qe5 Rd6 25. dxc6 a6 26. Rc5 Nxc6 27. Nxc6 Rdxc6 28. Qd5+ 1-0

[Event "SRB-chW Semifinal 2021"]
[Site "Paracin"]
[Date "2021.03.17"]
[Round "2.14"]
[White "Vujcic, Milena"]
[Black "Ostojic, Katarina"]
[Result "1-0"]
[ECO "B94"]
[WhiteElo "2069"]
[BlackElo "2013"]
[Annotator "NA"]
[PlyCount "69"]
[EventDate "2021.03.16"]
[EventType "swiss"]
[EventCountry "SRB"]
[SourceTitle "playchess.com"]
[Source "ChessBase"]
[SourceQuality "1"]
[TimeControl "40/5400+30:1800+30"]

1. e4 c5 2. Nf3 d6 3. d4 cxd4 4. Nxd4 Nf6 5. Nc3 a6 6. Bg5 Nbd7 7. Qe2 h6 8. Bh4 g6 9. f4 e5 10. fxe5 dxe5 11. O-O-O Qc7 12. Nb3 Bg7 13. Nd5 Nxd5 14. exd5 O-O 15. g4 Qd6 16. Bg2 a5 17. a3 b6 18. Bg3 Ba6 19. Qe1 f5 20. gxf5 gxf5 21. Rg1 Rac8 22. Qf2 f4 23. Bh4 a4 24. Nd2 Rxc2+ 25. Kxc2 Rc8+ 26. Kb1 Bd3+ 27. Ka2 Rc2 28. Be4 Rxd2 29. Qxd2 Bxe4 30. Qe2 Bxd5+ 31. Ka1 Nc5 32. Qg4 Nb3+ 33. Kb1 Be4+ 34. Ka2 Qc7 35. Rd7 1-0

[Event "SRB-chW Semifinal 2021"]
[Site "Paracin"]
[Date "2021.03.17"]
[Round "2.15"]
[White "Djordjevic, Nevena"]
[Black "Manakova, Maria"]
[Result "0-1"]
[ECO "E12"]
[WhiteElo "1999"]
[BlackElo "2271"]
[Annotator "NA"]
[PlyCount "52"]
[EventDate "2021.03.16"]
[EventType "swiss"]
[EventCountry "SRB"]
[SourceTitle "playchess.com"]
[Source "ChessBase"]
[SourceQuality "1"]
[TimeControl "40/5400+30:1800+30"]

1. d4 Nf6 2. Nf3 e6 3. c4 b6 4. Bf4 Bb7 5. e3 Bb4+ 6. Nc3 O-O 7. Qc2 d6 8. Be2 Ne4 9. O-O Bxc3 10. bxc3 Nd7 11. Rfd1 f5 12. h3 g5 13. Bh2 g4 14. Ne1 gxh3 15. g3 Qg5 16. Nd3 Qh6 17. Nf4 Ng5 18. d5 Ne5 19. a4 Nef3+ 20. Kh1 e5 21. Ne6 Qxe6 22. dxe6 Nd4+ 23. Kg1 Nxc2 24. Ra2 Nxe3 25. fxe3 Nxe6 26. Bf1 Ng5 0-1

[Event "SRB-chW Semifinal 2021"]
[Site "Paracin"]
[Date "2021.03.17"]
[Round "3.11"]
[White "Manakova, Maria"]
[Black "Drljevic, Ljilja"]
[Result "1-0"]
[ECO "B06"]
[WhiteElo "2271"]
[BlackElo "2200"]
[Annotator "NA"]
[PlyCount "69"]
[EventDate "2021.03.16"]
[EventType "swiss"]
[EventCountry "SRB"]
[SourceTitle "playchess.com"]
[Source "ChessBase"]
[SourceQuality "1"]
[TimeControl "40/5400+30:1800+30"]

1. e4 g6 2. d4 Bg7 3. Nc3 d6 4. Nf3 a6 5. a4 e6 6. Bg5 Ne7 7. Qd2 h6 8. Be3 b6 9. Be2 Bb7 10. O-O Nd7 11. Ne1 Nf6 12. f3 e5 13. Rd1 exd4 14. Bxd4 Qd7 15. Be3 O-O-O 16. Bc4 d5 17. Qe2 Qe6 18. Bxa6 dxe4 19. Bc4 Qc6 20. Rxd8+ Rxd8 21. fxe4 Nxe4 22. Nb5 Kb8 23. Rxf7 Bf6 24. b4 g5 25. Bd3 Qe6 26. Rh7 Nd6 27. Nxc7 Qe5 28. Bxb6 Ne4 29. Nb5 Qf5 30. Bxd8 Qxh7 31. Qe3 Be5 32. Bxe4 Bxe4 33. Qa7+ Kc8 34. Qxe7 Qf5 35. Bc7 1-0

[Event "SRB-chW Semifinal 2021"]
[Site "Paracin"]
[Date "2021.03.17"]
[Round "3.12"]
[White "Chelushkina, Irina"]
[Black "Vujcic, Milena"]
[Result "1-0"]
[ECO "A00"]
[WhiteElo "2203"]
[BlackElo "2069"]
[Annotator "NA"]
[PlyCount "59"]
[EventDate "2021.03.16"]
[EventType "swiss"]
[EventCountry "SRB"]
[SourceTitle "playchess.com"]
[Source "ChessBase"]
[SourceQuality "1"]
[TimeControl "40/5400+30:1800+30"]

1. g3 g6 2. Bg2 Bg7 3. d4 Nf6 4. e4 d6 5. Nc3 O-O 6. h3 e5 7. Nge2 Nc6 8. Be3 exd4 9. Nxd4 Bd7 10. Nde2 Re8 11. O-O b5 12. a3 a5 13. Nf4 b4 14. axb4 axb4 15. Rxa8 Qxa8 16. Ncd5 Nxd5 17. Nxd5 Qb8 18. b3 f5 19. exf5 Bxf5 20. Bg5 Rf8 21. Qd2 Nd4 22. g4 Be6 23. Nxb4 Qb5 24. Re1 Bc8 25. Nc6 Nxc2 26. Re7 Ba6 27. Rxg7+ Kxg7 28. Bh6+ Kg8 29. Bxf8 Kxf8 30. Qxc2 1-0

[Event "SRB-chW Semifinal 2021"]
[Site "Paracin"]
[Date "2021.03.17"]
[Round "3.13"]
[White "Djukic, Sandra"]
[Black "Srdanovic, Jovana"]
[Result "1/2-1/2"]
[ECO "D10"]
[WhiteElo "2137"]
[BlackElo "2109"]
[Annotator "NA"]
[PlyCount "52"]
[EventDate "2021.03.16"]
[EventType "swiss"]
[EventCountry "SRB"]
[SourceTitle "playchess.com"]
[Source "ChessBase"]
[SourceQuality "1"]
[TimeControl "40/5400+30:1800+30"]

1. d4 d5 2. c4 c6 3. cxd5 cxd5 4. Bf4 Nc6 5. e3 Nf6 6. Nc3 Bf5 7. Nf3 e6 8. Bd3 Bxd3 9. Qxd3 Be7 10. h3 O-O 11. O-O Rc8 12. Rac1 a6 13. Nd2 Nd7 14. Nb3 Qb6 15. Rfd1 Rfd8 16. Qb1 Nf6 17. Na4 Qa7 18. Nac5 b6 19. Nd3 Ne4 20. Nd2 Nd6 21. Rc2 Qb7 22. Rdc1 Na5 23. Rxc8 Rxc8 24. Rxc8+ Qxc8 25. Qc1 Qxc1+ 26. Nxc1 Nac4 1/2-1/2

[Event "SRB-chW Semifinal 2021"]
[Site "Paracin"]
[Date "2021.03.17"]
[Round "3.14"]
[White "Gajcin, Marina"]
[Black "Grozdanovic, Anastasia"]
[Result "1-0"]
[ECO "B10"]
[WhiteElo "2227"]
[BlackElo "1817"]
[Annotator "NA"]
[PlyCount "49"]
[EventDate "2021.03.16"]
[EventType "swiss"]
[EventCountry "SRB"]
[SourceTitle "playchess.com"]
[Source "ChessBase"]
[SourceQuality "1"]
[TimeControl "40/5400+30:1800+30"]

1. e4 c6 2. Nf3 d5 3. Nc3 dxe4 4. Nxe4 Bg4 5. h3 Bxf3 6. Qxf3 e6 7. c3 Nd7 8. d4 Ngf6 9. Bd3 Nxe4 10. Bxe4 Be7 11. b3 Nf6 12. Bc2 Nd5 13. O-O Bf6 14. Bb2 O-O 15. Rad1 a5 16. c4 Nb4 17. Bb1 Qb6 18. h4 Rad8 19. h5 Bxd4 20. Qe4 Bxf2+ 21. Kh1 g6 22. Qe5 f6 23. Qxe6+ Kg7 24. Qe7+ Kg8 25. h6 1-0

[Event "SRB-chW Semifinal 2021"]
[Site "Paracin"]
[Date "2021.03.17"]
[Round "3.15"]
[White "Jurisic, Iskra"]
[Black "Dimitrijevic, Andjela"]
[Result "1/2-1/2"]
[ECO "D20"]
[WhiteElo "1713"]
[BlackElo "1830"]
[Annotator "NA RC"]
[PlyCount "80"]
[EventDate "2021.03.16"]
[EventType "swiss"]
[EventCountry "SRB"]
[SourceTitle "playchess.com"]
[Source "ChessBase"]
[SourceQuality "1"]
[TimeControl "40/5400+30:1800+30"]

1. d4 d5 2. c4 dxc4 3. Nc3 Nf6 4. e3 e5 5. Nf3 exd4 6. Qxd4 Qxd4 7. exd4 Bd6 8. Bxc4 O-O 9. O-O a6 10. h3 h6 11. Be3 Nc6 12. a3 Bf5 13. Nd2 Rfe8 14. Be2 Rad8 15. Kh1 Bf8 16. Nb3 Ne4 17. Nxe4 Bxe4 18. Rac1 Bd5 19. Bc4 Be7 20. Bxd5 Rxd5 21. Nc5 Bxc5 22. Rxc5 Red8 23. Rfc1 Rxc5 24. dxc5 g5 25. Rc2 Kg7 26. Rd2 Rxd2 27. Bxd2 Kf6 28. f4 Nd8 29. g4 Ne6 30. Bc3+ Ke7 31. fxg5 hxg5 32. b4 Nf4 33. Kh2 Ke6 34. Bd2 Ke5 35. Kg3 Ne6 36. Kf3 Nd4+ 37. Kg3 Ne6 38. Kf3 Nd4+ 39. Kg3 Ne6 40. Kf3 Nd4+ 1/2-1/2

[Event "SRB-chW Semifinal 2021"]
[Site "Paracin"]
[Date "2021.03.18"]
[Round "4.1"]
[White "Chelushkina, Irina"]
[Black "Manakova, Maria"]
[Result "0-1"]
[ECO "B30"]
[WhiteElo "2203"]
[BlackElo "2271"]
[Annotator "NA"]
[PlyCount "70"]
[EventDate "2021.03.16"]
[EventType "swiss"]
[EventCountry "SRB"]
[SourceTitle "playchess.com"]
[Source "ChessBase"]
[SourceQuality "1"]
[TimeControl "40/5400+30:1800+30"]

1. e4 c5 2. Nf3 Nc6 3. d3 g6 4. Be2 Bg7 5. O-O d6 6. c3 e5 7. a3 a5 8. a4 Nf6 9. Na3 h6 10. Nb5 O-O 11. Nd2 d5 12. exd5 Nxd5 13. Nc4 Be6 14. Bf3 Kh7 15. Re1 f5 16. Qe2 Bg8 17. g3 Rb8 18. Ne3 Nde7 19. Nf1 Qd7 20. Qc2 Rbd8 21. Be2 f4 22. Nd2 b6 23. Bf1 Be6 24. f3 fxg3 25. hxg3 Bh3 26. Be2 Bf5 27. Ne4 Bxe4 28. dxe4 Qh3 29. Be3 Qxg3+ 30. Kf1 Qh3+ 31. Kg1 Qg3+ 32. Kf1 g5 33. Bd1 Rxd1 34. Rexd1 Qxf3+ 35. Bf2 Qh1+ 0-1

[Event "SRB-chW Semifinal 2021"]
[Site "Paracin"]
[Date "2021.03.18"]
[Round "4.2"]
[White "Srdanovic, Jovana"]
[Black "Gajcin, Marina"]
[Result "1/2-1/2"]
[ECO "D03"]
[WhiteElo "2109"]
[BlackElo "2227"]
[Annotator "NA"]
[PlyCount "49"]
[EventDate "2021.03.16"]
[EventType "swiss"]
[EventCountry "SRB"]
[SourceTitle "playchess.com"]
[Source "ChessBase"]
[SourceQuality "1"]
[TimeControl "40/5400+30:1800+30"]

1. d4 Nf6 2. Bg5 d5 3. Nd2 Nbd7 4. e3 g6 5. Ngf3 Bg7 6. Be2 O-O 7. O-O c5 8. c3 b6 9. a4 Bb7 10. a5 Bc6 11. Qb3 c4 12. Qa3 Re8 13. Ne1 e5 14. Nc2 Bf8 15. Qa2 Qc7 16. dxe5 Qxe5 17. Bf4 Qe7 18. Nb4 Bb5 19. Nf3 a6 20. Nd4 Qc5 21. Rfd1 bxa5 22. Qxa5 Nb6 23. Bf3 Ne4 24. Nbc2 Be7 25. Qa2 1/2-1/2

[Event "SRB-chW Semifinal 2021"]
[Site "Paracin"]
[Date "2021.03.18"]
[Round "4.4"]
[White "Vujcic, Milena"]
[Black "Jurisic, Iskra"]
[Result "1/2-1/2"]
[ECO "B12"]
[WhiteElo "2069"]
[BlackElo "1713"]
[Annotator "NA"]
[PlyCount "53"]
[EventDate "2021.03.16"]
[EventType "swiss"]
[EventCountry "SRB"]
[SourceTitle "playchess.com"]
[Source "ChessBase"]
[SourceQuality "1"]
[TimeControl "40/5400+30:1800+30"]

1. e4 c6 2. d4 d5 3. e5 Bf5 4. h4 Qa5+ 5. c3 e6 6. Nd2 h6 7. g4 Bh7 8. b4 Qc7 9. a4 a5 10. b5 c5 11. Rh3 h5 12. g5 Bf5 13. Re3 cxd4 14. cxd4 Bb4 15. Ba3 Ne7 16. Bxb4 axb4 17. Rb3 Ng6 18. Ndf3 O-O 19. Qd2 Qa5 20. Rxb4 Rc8 21. Rb2 Nd7 22. Qxa5 Rxa5 23. Be2 Nb6 24. Bd1 Nf4 25. Rba2 Nd3+ 26. Kf1 Nb4 27. Ra3 1/2-1/2

[Event "SRB-chW Semifinal 2021"]
[Site "Paracin"]
[Date "2021.03.19"]
[Round "5.11"]
[White "Manakova, Maria"]
[Black "Srdanovic, Jovana"]
[Result "1/2-1/2"]
[ECO "A06"]
[WhiteElo "2271"]
[BlackElo "2109"]
[Annotator "NA"]
[PlyCount "35"]
[EventDate "2021.03.16"]
[EventType "swiss"]
[EventCountry "SRB"]
[SourceTitle "playchess.com"]
[Source "ChessBase"]
[SourceQuality "1"]
[TimeControl "40/5400+30:1800+30"]

1. Nf3 d5 2. c4 c6 3. e3 Nf6 4. Nc3 g6 5. d4 Bg7 6. Bd3 O-O 7. O-O a6 8. Bd2 Qd6 9. c5 Qc7 10. Ne5 Nfd7 11. f4 Nxe5 12. fxe5 f6 13. exf6 Bxf6 14. Qc2 Kg7 15. e4 Bxd4+ 16. Kh1 Rxf1+ 17. Rxf1 Be6 18. Bg5 1/2-1/2

[Event "SRB-chW Semifinal 2021"]
[Site "Paracin"]
[Date "2021.03.19"]
[Round "5.12"]
[White "Gajcin, Marina"]
[Black "Drljevic, Ljilja"]
[Result "1-0"]
[ECO "B10"]
[WhiteElo "2227"]
[BlackElo "2200"]
[Annotator "NA"]
[PlyCount "105"]
[EventDate "2021.03.16"]
[EventType "swiss"]
[EventCountry "SRB"]
[SourceTitle "playchess.com"]
[Source "ChessBase"]
[SourceQuality "1"]
[TimeControl "40/5400+30:1800+30"]

1. e4 c6 2. Nc3 d5 3. Nf3 dxe4 4. Nxe4 Nf6 5. Nxf6+ exf6 6. d4 Bd6 7. Be2 O-O 8. O-O Re8 9. c4 Nd7 10. Be3 Nf8 11. Qc2 Bg4 12. h3 Be6 13. Rfd1 Qc8 14. Bf1 Bf5 15. Qd2 Be4 16. Ne1 Ng6 17. f3 Bf5 18. Nd3 Qc7 19. c5 Bg3 20. d5 cxd5 21. Nb4 Nf4 22. Bf2 Bxf2+ 23. Qxf2 Rad8 24. Rac1 h5 25. c6 bxc6 26. Nxc6 Ra8 27. Nd4 Qe5 28. Re1 Be4 29. fxe4 dxe4 30. Rc3 Nd5 31. Rc5 Rac8 32. Rxc8 Rxc8 33. Nf5 g6 34. Ne3 Nf4 35. Rd1 Qg5 36. Kh1 h4 37. Be2 Qe5 38. Ba6 Re8 39. Re1 Nh5 40. Qxh4 Ng3+ 41. Kg1 f5 42. Rd1 Kg7 43. Bc4 f4 44. Ng4 Qc5+ 45. Kh2 Nh5 46. b3 Qc7 47. Qg5 f3+ 48. Kg1 Qb6+ 49. Qe3 Qb8 50. Qh6+ Kg8 51. Qxg6+ Ng7 52. Nh6+ Kh8 53. Nxf7+ 1-0

[Event "SRB-chW Semifinal 2021"]
[Site "Paracin"]
[Date "2021.03.19"]
[Round "5.13"]
[White "Djukic, Sandra"]
[Black "Chelushkina, Irina"]
[Result "1-0"]
[ECO "A90"]
[WhiteElo "2137"]
[BlackElo "2203"]
[Annotator "NA"]
[PlyCount "107"]
[EventDate "2021.03.16"]
[EventType "swiss"]
[EventCountry "SRB"]
[SourceTitle "playchess.com"]
[Source "ChessBase"]
[SourceQuality "1"]
[TimeControl "40/5400+30:1800+30"]

1. d4 e6 2. c4 f5 3. g3 Nf6 4. Bg2 c6 5. Nd2 d5 6. Nh3 Be7 7. Nf4 O-O 8. O-O Na6 9. b3 g5 10. Nd3 dxc4 11. Nxc4 Ne8 12. Nde5 Ng7 13. a3 Nc7 14. b4 Bd7 15. Qb3 Be8 16. e3 Rb8 17. Ra2 Bf6 18. a4 Be7 19. Nd3 Kh8 20. Nce5 a6 21. Bd2 Bf6 22. Rc2 Nd5 23. Rb1 Be7 24. Rcc1 Nf6 25. Nc5 Nd5 26. b5 cxb5 27. axb5 Bxc5 28. Rxc5 Bxb5 29. Bxd5 exd5 30. Rxd5 Qe8 31. Rd6 Qh5 32. Rc1 Rbe8 33. Qd5 Re7 34. Qf3 Qxf3 35. Nxf3 g4 36. Ne5 Rfe8 37. Bb4 Re6 38. h3 gxh3 39. Nf7+ Kg8 40. Nh6+ Kh8 41. Rc7 f4 42. gxf4 Rg6+ 43. Rxg6 hxg6 44. Nf7+ Kg8 45. Nd6 Ra8 46. Nxb5 axb5 47. Rxb7 Ra1+ 48. Kh2 Rf1 49. Kxh3 Rxf2 50. Kg3 Rf1 51. Kg2 Rb1 52. Bc5 Rb3 53. Kf3 Nf5 54. d5 1-0

[Event "SRB-chW Semifinal 2021"]
[Site "Paracin"]
[Date "2021.03.19"]
[Round "5.14"]
[White "Grozdanovic, Anastasia"]
[Black "Vujcic, Milena"]
[Result "1/2-1/2"]
[ECO "E81"]
[WhiteElo "1817"]
[BlackElo "2069"]
[Annotator "NA"]
[PlyCount "57"]
[EventDate "2021.03.16"]
[EventType "swiss"]
[EventCountry "SRB"]
[SourceTitle "playchess.com"]
[Source "ChessBase"]
[SourceQuality "1"]
[TimeControl "40/5400+30:1800+30"]

1. d4 Nf6 2. c4 g6 3. Nc3 Bg7 4. e4 d6 5. f3 O-O 6. Be3 c5 7. dxc5 dxc5 8. Qxd8 Rxd8 9. Bxc5 Nc6 10. Nge2 Nd7 11. Be3 Nde5 12. Nf4 Nb4 13. Rd1 Nc2+ 14. Kf2 Rxd1 15. Nxd1 Nxe3 16. Nxe3 Bd7 17. b3 Nc6 18. Bd3 Bd4 19. Bb1 Rd8 20. Ke2 a6 21. Rd1 e5 22. Nfd5 Kg7 23. Nc2 f5 24. Nxd4 Nxd4+ 25. Ke3 f4+ 26. Kf2 g5 27. Nb4 Kf6 28. Nc2 Bc6 29. Nxd4 1/2-1/2

[Event "SRB-chW Semifinal 2021"]
[Site "Paracin"]
[Date "2021.03.19"]
[Round "5.15"]
[White "Jurisic, Iskra"]
[Black "Ostojic, Katarina"]
[Result "1/2-1/2"]
[ECO "A40"]
[WhiteElo "1713"]
[BlackElo "2013"]
[Annotator "NA"]
[PlyCount "161"]
[EventDate "2021.03.16"]
[EventType "swiss"]
[EventCountry "SRB"]
[SourceTitle "playchess.com"]
[Source "ChessBase"]
[SourceQuality "1"]
[TimeControl "40/5400+30:1800+30"]

1. d4 g6 2. c4 f5 3. Nc3 Bg7 4. h4 h6 5. Nf3 Nf6 6. Ne5 O-O 7. Nxg6 Re8 8. g3 d6 9. Bg2 Nbd7 10. Nf4 e5 11. dxe5 dxe5 12. Bd5+ Nxd5 13. Qxd5+ Kh7 14. Nh5 Qe7 15. Qf3 Nb6 16. Nxg7 Qxg7 17. c5 e4 18. Qf4 Nc4 19. O-O c6 20. Nd1 Ne5 21. Kh2 Ng6 22. Qd2 Rg8 23. h5 Ne5 24. Qf4 Ng4+ 25. Kg2 Nf6 26. Rh1 Nd5 27. Qd6 Bd7 28. Qg6+ Qxg6 29. hxg6+ Rxg6 30. Ne3 Nb4 31. a3 Na6 32. b4 Be6 33. Nc2 Rd8 34. Bf4 Bc4 35. Rae1 b6 36. Ne3 Be6 37. cxb6 axb6 38. Rh5 Rf8 39. Reh1 Rff6 40. Bg5 Rxg5 41. Rxg5 c5 42. bxc5 Nxc5 43. Rgh5 Nb3 44. R1h4 Nd4 45. Rh1 Nxe2 46. Rb1 f4 47. Nd5 Bxd5 48. Rxd5 fxg3 49. fxg3 Rg6 50. Rd7+ Kg8 51. Rb3 Nf4+ 52. Kh2 Nd3 53. Rc3 Nc5 54. Re7 Kf8 55. Re5 Kf7 56. Rc2 Rd6 57. Rf2+ Kg6 58. Re2 Rd4 59. Re8 Rd3 60. Rb8 Rd6 61. Re8 Kf5 62. Rf8+ Ke5 63. Kg2 Ne6 64. Re8 Kf5 65. Rf2+ Ke5 66. Re2 Kd5 67. Re7 Rc6 68. Rd7+ Ke5 69. Re7 Rc4 70. Rb7 Nd4 71. Re7+ Ne6 72. Rb7 Rc6 73. Rh7 Nc5 74. Re7+ Kd4 75. Re8 Kd3 76. Re1 Kd2 77. R8xe4 Nxe4 78. Rxe4 Kc3 79. Rb4 Rd6 80. Kh3 Re6 81. Kh4 1/2-1/2

[Event "SRB-chW Semifinal 2021"]
[Site "Paracin"]
[Date "2021.03.20"]
[Round "6.11"]
[White "Djukic, Sandra"]
[Black "Manakova, Maria"]
[Result "0-1"]
[ECO "E12"]
[WhiteElo "2137"]
[BlackElo "2271"]
[Annotator "NA"]
[PlyCount "80"]
[EventDate "2021.03.16"]
[EventType "swiss"]
[EventCountry "SRB"]
[SourceTitle "playchess.com"]
[Source "ChessBase"]
[SourceQuality "1"]
[TimeControl "40/5400+30:1800+30"]

1. d4 Nf6 2. c4 e6 3. Nf3 b6 4. a3 Bb7 5. Nc3 Be7 6. d5 exd5 7. cxd5 O-O 8. g3 a5 9. Bg2 Na6 10. O-O Nc5 11. Nd4 d6 12. b3 Nfd7 13. Nc6 Bxc6 14. dxc6 Bf6 15. Qc2 Ne5 16. Rb1 Ne6 17. Bb2 Ng6 18. e3 Ne7 19. Rfd1 Rb8 20. Bc1 Bxc3 21. Qxc3 b5 22. Qxa5 Qe8 23. Bb2 Nxc6 24. Qc3 Ncd8 25. b4 Qe7 26. Rd2 f6 27. Rbd1 Kh8 28. Rd5 Nf7 29. Qd3 Qe8 30. Rh5 h6 31. Qf5 Nfg5 32. Rh4 Rf7 33. Bd5 c6 34. Bb3 d5 35. Bc2 Nf8 36. Rxh6+ gxh6 37. Bxf6+ Kg8 38. h4 Qe6 39. hxg5 Qxf5 40. Bxf5 hxg5 0-1

[Event "SRB-chW Semifinal 2021"]
[Site "Paracin"]
[Date "2021.03.20"]
[Round "6.12"]
[White "Dimitrijevic, Andjela"]
[Black "Gajcin, Marina"]
[Result "0-1"]
[ECO "B50"]
[WhiteElo "1830"]
[BlackElo "2227"]
[Annotator "NA"]
[PlyCount "86"]
[EventDate "2021.03.16"]
[EventType "swiss"]
[EventCountry "SRB"]
[SourceTitle "playchess.com"]
[Source "ChessBase"]
[SourceQuality "1"]
[TimeControl "40/5400+30:1800+30"]

1. e4 c5 2. Nf3 d6 3. c3 Nf6 4. h3 g6 5. Bd3 Nc6 6. Bc2 Bg7 7. O-O e5 8. d3 O-O 9. a3 b6 10. Be3 Bb7 11. Nbd2 Nh5 12. b4 Rc8 13. Re1 Nf4 14. b5 Na5 15. d4 cxd4 16. cxd4 Ne6 17. d5 Nc5 18. Re2 Qd7 19. Rc1 Qxb5 20. Rb1 Qd7 21. Re1 Rc7 22. Nh2 Ba6 23. Bxc5 Rxc5 24. Nb3 Nxb3 25. Bxb3 Rfc8 26. Nf1 Ra5 27. a4 Rc3 28. Re3 Rac5 29. Rxc3 Rxc3 30. Ne3 Qc7 31. Kh2 Bd3 32. Rb2 Bxe4 33. Qg4 Bd3 34. Nd1 Rc5 35. f3 Bh6 36. Qh4 Bf4+ 37. g3 Bc1 38. Rg2 Bc2 39. Bxc2 Rxc2 40. Nf2 Be3 41. g4 h6 42. Kg1 Rc1+ 43. Kh2 Bg5 0-1

[Event "SRB-chW Semifinal 2021"]
[Site "Paracin"]
[Date "2021.03.20"]
[Round "6.13"]
[White "Srdanovic, Jovana"]
[Black "Jurisic, Iskra"]
[Result "1-0"]
[ECO "E61"]
[WhiteElo "2109"]
[BlackElo "1713"]
[Annotator "NA"]
[PlyCount "71"]
[EventDate "2021.03.16"]
[EventType "swiss"]
[EventCountry "SRB"]
[SourceTitle "playchess.com"]
[Source "ChessBase"]
[SourceQuality "1"]
[TimeControl "40/5400+30:1800+30"]

1. d4 Nf6 2. c4 g6 3. Nc3 Bg7 4. Nf3 O-O 5. Bg5 h6 6. Bh4 c5 7. d5 d6 8. e3 Qa5 9. Nd2 Na6 10. Be2 Nc7 11. Nb3 Qa6 12. a4 b6 13. O-O Qb7 14. e4 g5 15. Bg3 Nd7 16. Nd2 Ne5 17. h4 gxh4 18. Bxh4 Ng6 19. Bg3 Ne8 20. f4 Bd4+ 21. Kh1 Kh7 22. Bd3 f5 23. Nf3 Be3 24. Ne1 fxe4 25. Bxe4 Bf5 26. Qd3 Bxe4 27. Nxe4 Bd4 28. f5 Ne5 29. Bxe5 Bxe5 30. f6 Kh8 31. f7 Nf6 32. Nf3 Bxb2 33. Rab1 Nxe4 34. Qxe4 Bf6 35. Qg6 Bg7 36. Ng5 1-0

[Event "SRB-chW Semifinal 2021"]
[Site "Paracin"]
[Date "2021.03.20"]
[Round "6.15"]
[White "Vujcic, Milena"]
[Black "Gogic, Anastasija"]
[Result "1/2-1/2"]
[ECO "B42"]
[WhiteElo "2069"]
[BlackElo "1868"]
[Annotator "NA"]
[PlyCount "81"]
[EventDate "2021.03.16"]
[EventType "swiss"]
[EventCountry "SRB"]
[SourceTitle "playchess.com"]
[Source "ChessBase"]
[SourceQuality "1"]
[TimeControl "40/5400+30:1800+30"]

1. e4 c5 2. Nf3 e6 3. d4 cxd4 4. Nxd4 a6 5. Bd3 Nc6 6. Nxc6 dxc6 7. O-O e5 8. Qh5 Bd6 9. Nd2 Qe7 10. Nc4 Bc7 11. b3 g6 12. Qe2 b5 13. Ne3 Nf6 14. a4 Rb8 15. axb5 axb5 16. Ra7 O-O 17. Ba3 b4 18. Bb2 Rb7 19. Rfa1 Bb6 20. Rxb7 Bxb7 21. Ng4 Nxg4 22. Qxg4 Bd4 23. Bxd4 exd4 24. Ra7 Qc7 25. e5 Qb6 26. Ra1 c5 27. f4 Qe6 28. Qg3 Re8 29. Re1 Kh8 30. Qg5 f5 31. h4 Qe7 32. Qxe7 Rxe7 33. Ra1 Bd5 34. Kf2 Kg7 35. h5 Be4 36. hxg6 hxg6 37. Ra5 Rc7 38. Ra6 Kh7 39. g4 Kg7 40. gxf5 gxf5 41. Kg3 1/2-1/2

[Event "SRB-chW Semifinal 2021"]
[Site "Paracin"]
[Date "2021.03.20"]
[Round "7.11"]
[White "Manakova, Maria"]
[Black "Gajcin, Marina"]
[Result "1/2-1/2"]
[ECO "D81"]
[WhiteElo "2271"]
[BlackElo "2227"]
[Annotator "NA"]
[PlyCount "72"]
[EventDate "2021.03.16"]
[EventType "swiss"]
[EventCountry "SRB"]
[SourceTitle "playchess.com"]
[Source "ChessBase"]
[SourceQuality "1"]
[TimeControl "40/5400+30:1800+30"]

1. d4 Nf6 2. c4 g6 3. Nc3 d5 4. Qb3 dxc4 5. Qxc4 Bg7 6. e4 O-O 7. Be2 Bg4 8. Bxg4 Nxg4 9. Nf3 Nd7 10. h3 Ngf6 11. Be3 Nb6 12. Qb3 Ne8 13. Rd1 a5 14. a4 Nd6 15. h4 Ndc4 16. Bc1 Qd6 17. h5 Qb4 18. Qxb4 axb4 19. Ne2 b3 20. hxg6 hxg6 21. Rd3 Rxa4 22. Rxb3 Ra1 23. O-O Rfa8 24. g3 c6 25. Bf4 e5 26. dxe5 Nd7 27. Rxb7 Ndxe5 28. Nxe5 Nxe5 29. Rxa1 Rxa1+ 30. Kg2 Nd3 31. Rb8+ Kh7 32. Rb3 Nxb2 33. Be3 Nc4 34. Bd4 Re1 35. Bxg7 Kxg7 36. Rc3 Nd2 1/2-1/2